 Dungeon Crawl Stone Soup version 0.30-a0-224-ge52a3cb02f (webtiles) character file.

Game seed: 9788709224115416703

8283 qw the Cleaver (level 11, 68/68 HPs)
             Began as a Gargoyle Fighter on Oct 9, 2022.
             Quit the game on level 8 of the Dungeon.
             The game lasted 00:13:40 (8279 turns).

qw the Cleaver (Gargoyle Fighter)                   Turns: 8279, Time: 00:13:40

Health: 68/68      AC: 23    Str: 24    XL:     11   Next: 28%
Magic:  11/11      EV:  7    Int:  9    God:
Gold:   259        SH:  4    Dex:  9    Spells: 10/10 levels left

rFire   . . .      SeeInvis .    Y - +1 war axe (flame)
rCold   + . .      Faith    .    c - +0 buckler
rNeg    + + .      Spirit   .    m - +0 plate armour
rPois   inf        Reflect  .    s - +0 helmet
rElec   +          Harm     .    (no cloak)
rCorr   .          Rampage  .    h - +0 pair of gloves
Will    .....                    (no boots)
Stlth   ..........               f - amulet of regeneration
HPRegen 1.11/turn                a - ring of positive energy
MPRegen 0.12/turn                o - ring of protection from cold

@: no status effects
A: sickness immunity, AC +8, negative energy resistance 1, electricity
resistance, torment resistance 1, petrification resistance
a: no special abilities


You were on level 8 of the Dungeon.
You visited 2 branches of the dungeon, and saw 9 of its levels.

You collected 400 gold pieces.
You spent 141 gold pieces at shops.


Innate Abilities, Weirdness & Mutations

You are immune to sickness and miasma.
Your stone body is resilient. (AC +8)
You are immune to poison.
You resist negative energy. (rN+)
You are resistant to electric shocks. (rElec)
You are resistant to unholy torment.
You are immune to petrification.


   Skills:
 + Level 8.1 Fighting
 - Level 13.4 Axes
 - Level 1.3 Throwing
 - Level 7.0 Armour
 - Level 1.5 Dodging
 - Level 5.2 Shields


You had 10 spell levels left.
You didn't know any spells.
Your spell library was empty.

Inventory:

Hand Weapons
 Y - a +1 war axe of flaming (weapon)
Armour
 c - a +0 buckler (worn)
 h - a +0 pair of gloves (worn)
 i - +0 acid dragon scales
 m - a +0 plate armour (worn)
 s - a +0 helmet (worn)
Jewellery
 a - a ring of positive energy (left hand)
 f - an amulet of regeneration (around neck)
 l - a ring of positive energy
 o - a ring of protection from cold (right hand)
Scrolls
 e - a scroll of identify
Potions
 b - a potion of mutation
 d - 5 potions of might
 j - 2 potions of lignification
 n - a potion of haste
 q - a potion of cancellation
 r - a potion of resistance

Dungeon Overview and Level Annotations

Branches:
Dungeon (8/15)             Temple (1/1) D:4            Lair (0/5) D:8

Altars:
Ashenzari
Cheibriados
Dithmenos
Elyvilon
Gozag
Hepliaklqana
Kikubaaqudgha
Makhleb
Nemelex Xobeh
Qazlal
Ru
Sif Muna
Trog
Uskayaw
Vehumet
Wu Jian
Xom
Yredelemnul
Zin

Shops:
D:1 ?   D:3 *   D:5 *   D:6 =


Message History

Done exploring.
(D) Dungeon (T) Temple (L) Lair
Where to? (* - list waypoints, Enter - D:9, ? - help)
What level of the Dungeon? (default 1, ? - help) Sorry, I don't know how to get there.
Done exploring.
8274 ||| Stepping randomly (stuck).
You see here a scroll of noise.
Done exploring.
(D) Dungeon (T) Temple (L) Lair
Where to? (* - list waypoints, Enter - D:9, ? - help)
What level of the Dungeon? (default 1, ? - help) Sorry, I don't know how to get there.
Done exploring.
8275 ||| Stepping randomly (stuck).
You see here 5 stones.
Done exploring.
(D) Dungeon (T) Temple (L) Lair
Where to? (* - list waypoints, Enter - D:9, ? - help)
What level of the Dungeon? (default 1, ? - help) Sorry, I don't know how to get there.
Done exploring.
8276 ||| Stepping randomly (stuck).
You see here a scroll of noise.
Done exploring.
(D) Dungeon (T) Temple (L) Lair
Where to? (* - list waypoints, Enter - D:9, ? - help)
What level of the Dungeon? (default 1, ? - help) Sorry, I don't know how to get there.
Done exploring.
8277 ||| Stepping randomly (stuck).
Done exploring.
(D) Dungeon (T) Temple (L) Lair
Where to? (* - list waypoints, Enter - D:9, ? - help)
What level of the Dungeon? (default 1, ? - help) Sorry, I don't know how to get there.
Done exploring.
8278 ||| Stepping randomly (stuck).
There is an escape hatch in the floor here.
Are you sure you want to abandon this character and quit the game? (Confirm with "yes".)

######### ........#
......#.#####
............#
.########...#
#........#..#
#.######.#..#
#.#=..@#.#.<##
#.#..?.#.#...#########
#.#..(.#.#.#.........##
#.#<..!#.#.#########...
#.######.#.# ####
........#.# #####
########..########.>..
.............#.....###
.##............#####


There were no monsters in sight!

Vanquished Creatures
  Pikel (D:4)
  Maggie (D:6)
  A hornet (D:8)
  3 yaks (D:8)
  3 wargs (D:8)
  A water moccasin (D:8)
  An acid dragon (D:7)
  2 orc warriors
  An ice beast (D:7)
  2 ogres
  2 black bears
  3 centaurs
  3 lemures (D:4)
  A phantom (D:6)
  2 scorpions (D:4)
  A howler monkey (D:6)
  5 jellies
  7 orc priests
  2 hounds (D:3)
  13 orc wizards
  An iguana (D:6)
  12 gnolls
  12 adders
  A shadow imp (D:5)
  A white imp (D:5)
  An ufetubus (D:5)
  A worm (D:5)
  A dart slug (D:3)
  33 orcs
  6 endoplasms
  6 giant cockroaches
  8 hobgoblins
  3 jackals (D:8)
  5 kobolds
  3 quokkas
  11 ball pythons
  5 bats
  A frilled lizard (D:2)
  3 goblins
  4 rats
173 creatures vanquished.

Vanquished Creatures (others)
  An orc wizard (D:8)
  10 plants (D:8)
11 creatures vanquished.

Grand Total: 184 creatures vanquished

Notes
Turn   | Place    | Note
-------+----------+-------------------------------------------
     0 | D:1      | qw the Gargoyle Fighter began the quest for the Orb.
     0 | D:1      | Reached XP level 1. HP: 14/14 MP: 1/1
     0 | D:1      | 0 ||| qw: Version: 0.2-a-17-g06abaee
     0 | D:1      | 0 ||| qw: Game counter: 2279
     0 | D:1      | 0 ||| qw: Always use a shield: true
     0 | D:1      | 0 ||| qw: God list: Okawaru
     0 | D:1      | 0 ||| qw: Allow faded altars: false
     0 | D:1      | 0 ||| qw: Do Orc after D:15 true
     0 | D:1      | 0 ||| qw: Do second Lair branch before Depths: true
     0 | D:1      | 0 ||| qw: Lair rune preference: random
     0 | D:1      | 0 ||| qw: Plans: Normal, Zot:1-4, God:TSO, Crypt, Tomb,
                  | Pan, Slime:5, Hells, Abyss, Orb
     0 | D:1      | 0 ||| PLANNING D:1-11
    52 | D:1      | Reached skill level 2 in Axes
   181 | D:1      | Found Idouxarr's Magic Scroll Shop.
   190 | D:1      | 190 ||| SHOPLISTING scroll of enchant weapon (97 gold, have
                  | 51).
   190 | D:1      | 190 ||| BUYING scroll of identify (26 gold).
   190 | D:1      | Bought a scroll of identify for 26 gold pieces
   190 | D:1      | 190 ||| SHOPLISTING scroll of identify (26 gold, have 25).
   279 | D:1      | Reached XP level 2. HP: 17/19 MP: 2/2
   464 | D:1      | 464 ||| DROPPING +0 club.
   679 | D:1      | 679 ||| UPGRADING to +0 pair of gloves.
   684 | D:1      | 684 ||| UPGRADING to amulet of regeneration.
   689 | D:1      | 689 ||| DRINKING 2 red potions.
   690 | D:1      | 690 ||| DRINKING 2 silvery potions.
   691 | D:1      | 691 ||| READING 3 scrolls of identify.
   691 | D:1      | 691 ||| IDENTIFYING lumpy clear potion
   692 | D:1      | 692 ||| READING 2 scrolls of identify.
   692 | D:1      | 692 ||| IDENTIFYING clear potion
   693 | D:1      | 693 ||| DROPPING potion of flight.
   694 | D:1      | 694 ||| DROPPING potion of degeneration.
   804 | D:2      | Reached skill level 3 in Axes
   836 | D:2      | Reached XP level 3. HP: 23/23 MP: 3/3
  1089 | D:2      | 1089 ||| Stepping ~*~*~tactically~*~*~ (stealth).
  1371 | D:2      | 1371 ||| Stepping ~*~*~tactically~*~*~ (stealth).
  1372 | D:2      | 1372 ||| Stepping ~*~*~tactically~*~*~ (stealth).
  1377 | D:2      | Found a faded altar of an unknown god.
  1476 | D:2      | 1476 ||| READING scroll labelled HUXERR DEXIMP.
  1479 | D:2      | 1479 ||| READING scroll labelled LUOHOE QIGIFF.
  1480 | D:2      | 1480 ||| READING scroll labelled INKIUGH RINI.
  1481 | D:2      | 1481 ||| READING scroll labelled BIECUA UTETI.
  1482 | D:2      | 1482 ||| READING scroll labelled VENY QOBAP.
  1483 | D:2      | 1483 ||| READING 4 scrolls of identify.
  1483 | D:2      | 1483 ||| IDENTIFYING glowing sapphire potion
  1484 | D:2      | 1484 ||| READING 3 scrolls of identify.
  1484 | D:2      | 1484 ||| IDENTIFYING cyan potion
  1485 | D:2      | 1485 ||| READING 2 scrolls of identify.
  1485 | D:2      | 1485 ||| IDENTIFYING grey potion
  1486 | D:2      | 1486 ||| DROPPING potion of brilliance.
  1651 | D:3      | 1651 ||| DROPPING +0 hand axe of freezing.
  1696 | D:3      | Reached skill level 4 in Axes
  1696 | D:3      | Reached XP level 4. HP: 28/28 MP: 4/4
  1703 | D:3      | 1703 ||| READING scroll of brand weapon.
  1703 | D:3      | 1703 ||| BRANDING +0 war axe of draining.
  1704 | D:3      | 1704 ||| DROPPING +0 whip.
  1708 | D:3      | Found Yresh's Assorted Antiques.
  1711 | D:3      | 1711 ||| BUYING opal ring (115 gold).
  1711 | D:3      | Bought an opal ring for 115 gold pieces
  1711 | D:3      | 1711 ||| SHOPLISTING potion of curing (69 gold, have 14).
  1711 | D:3      | 1711 ||| SHOPLISTING potion of lignification (69 gold, have
                  | 14).
  1711 | D:3      | 1711 ||| SHOPLISTING scroll labelled TASSUI PUNO (23 gold,
                  | have 14).
  1711 | D:3      | 1711 ||| SHOPLISTING scroll of brand weapon (218 gold, have
                  | 14).
  1711 | D:3      | 1711 ||| SHOPLISTING scroll of enchant armour (172 gold,
                  | have 14).
  1711 | D:3      | 1711 ||| SHOPLISTING scroll of identify (46 gold, have 14).
  1913 | D:3      | Found a stormy altar of Qazlal.
  1955 | D:3      | Found a sacrificial altar of Ru.
  1968 | D:3      | 1968 ||| Stepping ~*~*~tactically~*~*~ (stealth).
  2022 | D:3      | Reached XP level 5. HP: 32/32 MP: 5/5
  2322 | D:3      | Reached skill level 5 in Axes
  2502 | D:3      | 2502 ||| UPGRADING to +0 chain mail.
  2512 | D:3      | 2512 ||| DROPPING +0 scale mail.
  2513 | D:3      | 2513 ||| UPGRADING to ring of positive energy.
  2539 | D:4      | Reached XP level 6. HP: 38/38 MP: 6/6
  2540 | D:4      | 2540 ||| Stepping ~*~*~tactically~*~*~ (stealth).
  2572 | D:4      | Noticed Pikel
  2573 | D:4      | 2573 ||| Stepping ~*~*~tactically~*~*~ (stealth).
  2581 | D:4      | Killed Pikel
  2582 | D:4      | Reached skill level 7 in Axes
  2582 | D:4      | Reached XP level 7. HP: 29/43 MP: 7/7
  2640 | D:4      | Found a staircase to the Ecumenical Temple.
  2641 | D:4      | 2641 ||| PLANNING TEMPLE
  2641 | D:4      | 2641 ||| READING 2 scrolls of identify.
  2641 | D:4      | 2641 ||| IDENTIFYING fuming brown potion
  2642 | D:4      | 2642 ||| DROPPING potion of berserk rage.
  2648 | Temple   | Entered the Ecumenical Temple
  2804 | Temple   | 2804 ||| PLANNING D:1-11
  2877 | D:4      | Reached skill level 1 in Dodging
  3079 | D:4      | Found a white marble altar of Elyvilon.
  3343 | D:4      | 3343 ||| DROPPING amulet of the acrobat.
  3344 | D:4      | 3344 ||| READING scroll labelled ONEUGA OTOMUL.
  3409 | D:5      | Entered Level 5 of the Dungeon
  3444 | D:5      | 3444 ||| DRINKING 2 potions of curing.
  3444 | D:5      | 3444 ||| (to cure confusion)
  3449 | D:5      | Reached XP level 8. HP: 41/48 MP: 8/8
  3703 | D:5      | 3703 ||| Stepping ~*~*~tactically~*~*~ (stealth).
  3707 | D:5      | 3707 ||| Stepping ~*~*~tactically~*~*~ (hiding).
  3742 | D:5      | Reached skill level 8 in Axes
  3964 | D:5      | 3964 ||| Stepping ~*~*~tactically~*~*~ (hiding).
  3965 | D:5      | 3965 ||| Stepping ~*~*~tactically~*~*~ (hiding).
  4133 | D:5      | 4133 ||| Stepping ~*~*~tactically~*~*~ (stealth).
  4150 | D:5      | 4150 ||| Stepping ~*~*~tactically~*~*~ (stealth).
  4158 | D:5      | 4158 ||| Stepping ~*~*~tactically~*~*~ (stealth).
  4174 | D:5      | Found a basalt altar of Yredelemnul.
  4175 | D:5      | Found a snail-covered altar of Cheibriados.
  4175 | D:5      | Found a radiant altar of Vehumet.
  4295 | D:5      | Found Dutirub's Lightly-Used Armoury.
  4300 | D:5      | 4300 ||| SHOPLISTING -1 pearl dragon scales (1045 gold,
                  | have 81).
  4300 | D:5      | 4300 ||| SHOPLISTING -3 pearl dragon scales (935 gold, have
                  | 81).
  4450 | D:5      | 4450 ||| READING scroll labelled FERYBA LERI.
  4451 | D:5      | 4451 ||| READING 2 scrolls of identify.
  4451 | D:5      | 4451 ||| IDENTIFYING sedimented ruby potion
  4519 | D:6      | 4519 ||| Stepping ~*~*~tactically~*~*~ (stealth).
  4522 | D:6      | 4522 ||| Stepping ~*~*~tactically~*~*~ (stealth).
  4524 | D:6      | 4524 ||| Stepping ~*~*~tactically~*~*~ (hiding).
  4525 | D:6      | 4525 ||| Stepping ~*~*~tactically~*~*~ (hiding).
  4583 | D:6      | Reached skill level 1 in Throwing
  4589 | D:6      | Reached skill level 6 in Fighting
  4662 | D:6      | 4662 ||| Stepping ~*~*~tactically~*~*~ (hiding).
  4677 | D:6      | 4677 ||| DRINKING potion of curing.
  4677 | D:6      | 4677 ||| (to cure confusion)
  4869 | D:6      | 4869 ||| Stepping ~*~*~tactically~*~*~ (hiding).
  4871 | D:6      | 4871 ||| Stepping ~*~*~tactically~*~*~ (hiding).
  4936 | D:6      | Reached XP level 9. HP: 55/55 MP: 9/9
  4940 | D:6      | Noticed Maggie
  4957 | D:6      | Killed Maggie
  4958 | D:6      | Reached skill level 9 in Axes
  5020 | D:6      | Found Archat's Jewellery Shoppe.
  5023 | D:6      | 5023 ||| SHOPLISTING +6 ring of dexterity (432 gold, have
                  | 113).
  5023 | D:6      | 5023 ||| SHOPLISTING ring "Lypieb" {Wiz rC+ Int+2 Dex+6
                  | Slay-2} (628 gold, have 113).
  5023 | D:6      | 5023 ||| SHOPLISTING ring of willpower (300 gold, have
                  | 113).
  5373 | D:6      | Found a sparkling altar of Nemelex Xobeh.
  5374 | D:6      | 5374 ||| UPGRADING to ring of protection from cold.
  5375 | D:6      | 5375 ||| READING scroll labelled VYCHOSHR AS QIA.
  5476 | D:6      | 5476 ||| READING scroll labelled KOEPOMMIPIO.
  6023 | D:7      | Reached skill level 10 in Axes
  6286 | D:7      | 6286 ||| UPGRADING to +0 plate armour.
  6296 | D:7      | 6296 ||| DROPPING +0 chain mail.
  6297 | D:7      | 6297 ||| UPGRADING to +0 helmet.
  6302 | D:7      | 6302 ||| READING scroll labelled UFOCWUGYKHLU.
  6303 | D:7      | 6303 ||| DRINKING 2 brown potions.
  6304 | D:7      | 6304 ||| READING 3 scrolls of identify.
  6304 | D:7      | 6304 ||| IDENTIFYING black potion
  6420 | D:8      | Reached skill level 6 in Armour
  6444 | D:8      | Found a staircase to the Lair.
  6445 | D:8      | 6445 ||| Stepping ~*~*~tactically~*~*~ (hiding).
  6446 | D:8      | 6446 ||| Stepping ~*~*~tactically~*~*~ (hiding).
  6459 | D:8      | Reached XP level 10. HP: 47/64 MP: 10/10
  6475 | D:8      | HP: 8/64 [orc priest/divine providence (12)]
  6475 | D:8      | HP: 1/64 [warg (7)]
  6476 | D:8      | 6476 ||| READING 4 scrolls of teleportation.
  6477 | D:8      | 6477 ||| DRINKING potion of heal wounds.
  6577 | D:8      | Found a hazy altar of Hepliaklqana.
  6615 | D:8      | 6615 ||| Stepping ~*~*~tactically~*~*~ (stealth).
  6617 | D:8      | 6617 ||| Stepping ~*~*~tactically~*~*~ (hiding).
  6694 | D:8      | 6694 ||| Stepping ~*~*~tactically~*~*~ (stealth).
  6799 | D:8      | 6799 ||| Stepping ~*~*~tactically~*~*~ (stealth).
  6801 | D:8      | 6801 ||| Stepping ~*~*~tactically~*~*~ (stealth).
  6804 | D:8      | Noticed a red ugly thing
  6814 | D:8      | HP: 12/64 [red ugly thing (23)]
  6815 | D:8      | 6815 ||| READING 3 scrolls of teleportation.
  6905 | D:8      | 6905 ||| Stepping ~*~*~tactically~*~*~ (stealth).
  6915 | D:8      | 6915 ||| Stepping ~*~*~tactically~*~*~ (stealth).
  6920 | D:8      | HP: 10/64 [red ugly thing (23)]
  6921 | D:8      | 6921 ||| READING 2 scrolls of teleportation.
  7002 | D:8      | 7002 ||| Stepping ~*~*~tactically~*~*~ (stealth).
  7003 | D:8      | 7003 ||| Stepping ~*~*~tactically~*~*~ (stealth).
  7004 | D:8      | 7004 ||| Stepping ~*~*~tactically~*~*~ (stealth).
  7113 | D:8      | 7113 ||| Stepping ~*~*~tactically~*~*~ (stealth).
  7118 | D:8      | 7118 ||| Stepping ~*~*~tactically~*~*~ (stealth).
  7119 | D:8      | 7119 ||| Stepping ~*~*~tactically~*~*~ (stealth).
  7135 | D:8      | Noticed an oklob plant
  7192 | D:8      | 7192 ||| Stepping ~*~*~tactically~*~*~ (stealth).
  7221 | D:8      | HP: 14/64 [oklob sapling/splash of acid (16)]
  7222 | D:8      | 7222 ||| READING scroll of teleportation.
  7272 | D:8      | Identified the +1 leather armour of Slovenliness {Int+10
                  | Dex-3}
  7273 | D:8      | 7273 ||| READING scroll labelled AGIFROPNERR.
  7274 | D:8      | 7274 ||| READING 3 scrolls of identify.
  7274 | D:8      | 7274 ||| IDENTIFYING murky yellow potion
  7275 | D:8      | 7275 ||| DRINKING potion of experience.
  7275 | D:8      | Reached skill level 13 in Axes
  7275 | D:8      | Reached XP level 11. HP: 68/68 MP: 11/11
  7276 | D:8      | 7276 ||| READING 2 scrolls of identify.
  7276 | D:8      | 7276 ||| IDENTIFYING golden potion
  7277 | D:8      | 7277 ||| DROPPING potion of magic.
  7278 | D:8      | 7278 ||| Stepping randomly (stuck).
  7279 | D:8      | 7279 ||| Stepping randomly (stuck).
  7280 | D:8      | 7280 ||| Stepping randomly (stuck).
  7281 | D:8      | 7281 ||| Stepping randomly (stuck).
  7282 | D:8      | 7282 ||| Stepping randomly (stuck).
  7283 | D:8      | 7283 ||| Stepping randomly (stuck).
  7284 | D:8      | 7284 ||| Stepping randomly (stuck).
  7285 | D:8      | 7285 ||| Stepping randomly (stuck).
  7286 | D:8      | 7286 ||| Stepping randomly (stuck).
  7287 | D:8      | 7287 ||| Stepping randomly (stuck).
  7288 | D:8      | 7288 ||| Stepping randomly (stuck).
  7289 | D:8      | 7289 ||| Stepping randomly (stuck).
  7290 | D:8      | 7290 ||| Stepping randomly (stuck).
  7291 | D:8      | 7291 ||| Stepping randomly (stuck).
  7292 | D:8      | 7292 ||| Stepping randomly (stuck).
  7293 | D:8      | 7293 ||| Stepping randomly (stuck).
  7294 | D:8      | 7294 ||| Stepping randomly (stuck).
  7295 | D:8      | 7295 ||| Stepping randomly (stuck).
  7296 | D:8      | 7296 ||| Stepping randomly (stuck).
  7297 | D:8      | 7297 ||| Stepping randomly (stuck).
  7298 | D:8      | 7298 ||| Stepping randomly (stuck).
  7299 | D:8      | 7299 ||| Stepping randomly (stuck).
  7300 | D:8      | 7300 ||| Stepping randomly (stuck).
  7301 | D:8      | 7301 ||| Stepping randomly (stuck).
  7302 | D:8      | 7302 ||| Stepping randomly (stuck).
  7303 | D:8      | 7303 ||| Stepping randomly (stuck).
  7304 | D:8      | 7304 ||| Stepping randomly (stuck).
  7305 | D:8      | 7305 ||| Stepping randomly (stuck).
  7306 | D:8      | 7306 ||| Stepping randomly (stuck).
  7307 | D:8      | 7307 ||| Stepping randomly (stuck).
  7308 | D:8      | 7308 ||| Stepping randomly (stuck).
  7309 | D:8      | 7309 ||| Stepping randomly (stuck).
  7310 | D:8      | 7310 ||| Stepping randomly (stuck).
  7311 | D:8      | 7311 ||| Stepping randomly (stuck).
  7312 | D:8      | 7312 ||| Stepping randomly (stuck).
  7313 | D:8      | 7313 ||| Stepping randomly (stuck).
  7314 | D:8      | 7314 ||| Stepping randomly (stuck).
  7315 | D:8      | 7315 ||| Stepping randomly (stuck).
  7316 | D:8      | 7316 ||| Stepping randomly (stuck).
  7317 | D:8      | 7317 ||| Stepping randomly (stuck).
  7318 | D:8      | 7318 ||| Stepping randomly (stuck).
  7319 | D:8      | 7319 ||| Stepping randomly (stuck).
  7320 | D:8      | 7320 ||| Stepping randomly (stuck).
  7321 | D:8      | 7321 ||| Stepping randomly (stuck).
  7322 | D:8      | 7322 ||| Stepping randomly (stuck).
  7323 | D:8      | 7323 ||| Stepping randomly (stuck).
  7324 | D:8      | 7324 ||| Stepping randomly (stuck).
  7325 | D:8      | 7325 ||| Stepping randomly (stuck).
  7326 | D:8      | 7326 ||| Stepping randomly (stuck).
  7327 | D:8      | 7327 ||| Stepping randomly (stuck).
  7328 | D:8      | 7328 ||| Stepping randomly (stuck).
  7329 | D:8      | 7329 ||| Stepping randomly (stuck).
  7330 | D:8      | 7330 ||| Stepping randomly (stuck).
  7331 | D:8      | 7331 ||| Stepping randomly (stuck).
  7332 | D:8      | 7332 ||| Stepping randomly (stuck).
  7333 | D:8      | 7333 ||| Stepping randomly (stuck).
  7334 | D:8      | 7334 ||| Stepping randomly (stuck).
  7335 | D:8      | 7335 ||| Stepping randomly (stuck).
  7336 | D:8      | 7336 ||| Stepping randomly (stuck).
  7337 | D:8      | 7337 ||| Stepping randomly (stuck).
  7338 | D:8      | 7338 ||| Stepping randomly (stuck).
  7339 | D:8      | 7339 ||| Stepping randomly (stuck).
  7340 | D:8      | 7340 ||| Stepping randomly (stuck).
  7341 | D:8      | 7341 ||| Stepping randomly (stuck).
  7342 | D:8      | 7342 ||| Stepping randomly (stuck).
  7343 | D:8      | 7343 ||| Stepping randomly (stuck).
  7344 | D:8      | 7344 ||| Stepping randomly (stuck).
  7345 | D:8      | 7345 ||| Stepping randomly (stuck).
  7346 | D:8      | 7346 ||| Stepping randomly (stuck).
  7347 | D:8      | 7347 ||| Stepping randomly (stuck).
  7348 | D:8      | 7348 ||| Stepping randomly (stuck).
  7349 | D:8      | 7349 ||| Stepping randomly (stuck).
  7350 | D:8      | 7350 ||| Stepping randomly (stuck).
  7351 | D:8      | 7351 ||| Stepping randomly (stuck).
  7352 | D:8      | 7352 ||| Stepping randomly (stuck).
  7353 | D:8      | 7353 ||| Stepping randomly (stuck).
  7354 | D:8      | 7354 ||| Stepping randomly (stuck).
  7355 | D:8      | 7355 ||| Stepping randomly (stuck).
  7356 | D:8      | 7356 ||| Stepping randomly (stuck).
  7357 | D:8      | 7357 ||| Stepping randomly (stuck).
  7358 | D:8      | 7358 ||| Stepping randomly (stuck).
  7359 | D:8      | 7359 ||| Stepping randomly (stuck).
  7360 | D:8      | 7360 ||| Stepping randomly (stuck).
  7361 | D:8      | 7361 ||| Stepping randomly (stuck).
  7362 | D:8      | 7362 ||| Stepping randomly (stuck).
  7363 | D:8      | 7363 ||| Stepping randomly (stuck).
  7364 | D:8      | 7364 ||| Stepping randomly (stuck).
  7365 | D:8      | 7365 ||| Stepping randomly (stuck).
  7366 | D:8      | 7366 ||| Stepping randomly (stuck).
  7367 | D:8      | 7367 ||| Stepping randomly (stuck).
  7368 | D:8      | 7368 ||| Stepping randomly (stuck).
  7369 | D:8      | 7369 ||| Stepping randomly (stuck).
  7370 | D:8      | 7370 ||| Stepping randomly (stuck).
  7371 | D:8      | 7371 ||| Stepping randomly (stuck).
  7372 | D:8      | 7372 ||| Stepping randomly (stuck).
  7373 | D:8      | 7373 ||| Stepping randomly (stuck).
  7374 | D:8      | 7374 ||| Stepping randomly (stuck).
  7375 | D:8      | 7375 ||| Stepping randomly (stuck).
  7376 | D:8      | 7376 ||| Stepping randomly (stuck).
  7377 | D:8      | 7377 ||| Stepping randomly (stuck).
  7378 | D:8      | 7378 ||| Stepping randomly (stuck).
  7379 | D:8      | 7379 ||| Stepping randomly (stuck).
  7380 | D:8      | 7380 ||| Stepping randomly (stuck).
  7381 | D:8      | 7381 ||| Stepping randomly (stuck).
  7382 | D:8      | 7382 ||| Stepping randomly (stuck).
  7383 | D:8      | 7383 ||| Stepping randomly (stuck).
  7384 | D:8      | 7384 ||| Stepping randomly (stuck).
  7385 | D:8      | 7385 ||| Stepping randomly (stuck).
  7386 | D:8      | 7386 ||| Stepping randomly (stuck).
  7387 | D:8      | 7387 ||| Stepping randomly (stuck).
  7388 | D:8      | 7388 ||| Stepping randomly (stuck).
  7389 | D:8      | 7389 ||| Stepping randomly (stuck).
  7390 | D:8      | 7390 ||| Stepping randomly (stuck).
  7391 | D:8      | 7391 ||| Stepping randomly (stuck).
  7392 | D:8      | 7392 ||| Stepping randomly (stuck).
  7393 | D:8      | 7393 ||| Stepping randomly (stuck).
  7394 | D:8      | 7394 ||| Stepping randomly (stuck).
  7395 | D:8      | 7395 ||| Stepping randomly (stuck).
  7396 | D:8      | 7396 ||| Stepping randomly (stuck).
  7397 | D:8      | 7397 ||| Stepping randomly (stuck).
  7398 | D:8      | 7398 ||| Stepping randomly (stuck).
  7399 | D:8      | 7399 ||| Stepping randomly (stuck).
  7400 | D:8      | 7400 ||| Stepping randomly (stuck).
  7401 | D:8      | 7401 ||| Stepping randomly (stuck).
  7402 | D:8      | 7402 ||| Stepping randomly (stuck).
  7403 | D:8      | 7403 ||| Stepping randomly (stuck).
  7404 | D:8      | 7404 ||| Stepping randomly (stuck).
  7405 | D:8      | 7405 ||| Stepping randomly (stuck).
  7406 | D:8      | 7406 ||| Stepping randomly (stuck).
  7407 | D:8      | 7407 ||| Stepping randomly (stuck).
  7408 | D:8      | 7408 ||| Stepping randomly (stuck).
  7409 | D:8      | 7409 ||| Stepping randomly (stuck).
  7410 | D:8      | 7410 ||| Stepping randomly (stuck).
  7411 | D:8      | 7411 ||| Stepping randomly (stuck).
  7412 | D:8      | 7412 ||| Stepping randomly (stuck).
  7413 | D:8      | 7413 ||| Stepping randomly (stuck).
  7414 | D:8      | 7414 ||| Stepping randomly (stuck).
  7415 | D:8      | 7415 ||| Stepping randomly (stuck).
  7416 | D:8      | 7416 ||| Stepping randomly (stuck).
  7417 | D:8      | 7417 ||| Stepping randomly (stuck).
  7418 | D:8      | 7418 ||| Stepping randomly (stuck).
  7419 | D:8      | 7419 ||| Stepping randomly (stuck).
  7420 | D:8      | 7420 ||| Stepping randomly (stuck).
  7421 | D:8      | 7421 ||| Stepping randomly (stuck).
  7422 | D:8      | 7422 ||| Stepping randomly (stuck).
  7423 | D:8      | 7423 ||| Stepping randomly (stuck).
  7424 | D:8      | 7424 ||| Stepping randomly (stuck).
  7425 | D:8      | 7425 ||| Stepping randomly (stuck).
  7426 | D:8      | 7426 ||| Stepping randomly (stuck).
  7427 | D:8      | 7427 ||| Stepping randomly (stuck).
  7428 | D:8      | 7428 ||| Stepping randomly (stuck).
  7429 | D:8      | 7429 ||| Stepping randomly (stuck).
  7430 | D:8      | 7430 ||| Stepping randomly (stuck).
  7431 | D:8      | 7431 ||| Stepping randomly (stuck).
  7432 | D:8      | 7432 ||| Stepping randomly (stuck).
  7433 | D:8      | 7433 ||| Stepping randomly (stuck).
  7434 | D:8      | 7434 ||| Stepping randomly (stuck).
  7435 | D:8      | 7435 ||| Stepping randomly (stuck).
  7436 | D:8      | 7436 ||| Stepping randomly (stuck).
  7437 | D:8      | 7437 ||| Stepping randomly (stuck).
  7438 | D:8      | 7438 ||| Stepping randomly (stuck).
  7439 | D:8      | 7439 ||| Stepping randomly (stuck).
  7440 | D:8      | 7440 ||| Stepping randomly (stuck).
  7441 | D:8      | 7441 ||| Stepping randomly (stuck).
  7442 | D:8      | 7442 ||| Stepping randomly (stuck).
  7443 | D:8      | 7443 ||| Stepping randomly (stuck).
  7444 | D:8      | 7444 ||| Stepping randomly (stuck).
  7445 | D:8      | 7445 ||| Stepping randomly (stuck).
  7446 | D:8      | 7446 ||| Stepping randomly (stuck).
  7447 | D:8      | 7447 ||| Stepping randomly (stuck).
  7448 | D:8      | 7448 ||| Stepping randomly (stuck).
  7449 | D:8      | 7449 ||| Stepping randomly (stuck).
  7450 | D:8      | 7450 ||| Stepping randomly (stuck).
  7451 | D:8      | 7451 ||| Stepping randomly (stuck).
  7452 | D:8      | 7452 ||| Stepping randomly (stuck).
  7453 | D:8      | 7453 ||| Stepping randomly (stuck).
  7454 | D:8      | 7454 ||| Stepping randomly (stuck).
  7455 | D:8      | 7455 ||| Stepping randomly (stuck).
  7456 | D:8      | 7456 ||| Stepping randomly (stuck).
  7457 | D:8      | 7457 ||| Stepping randomly (stuck).
  7458 | D:8      | 7458 ||| Stepping randomly (stuck).
  7459 | D:8      | 7459 ||| Stepping randomly (stuck).
  7460 | D:8      | 7460 ||| Stepping randomly (stuck).
  7461 | D:8      | 7461 ||| Stepping randomly (stuck).
  7462 | D:8      | 7462 ||| Stepping randomly (stuck).
  7463 | D:8      | 7463 ||| Stepping randomly (stuck).
  7464 | D:8      | 7464 ||| Stepping randomly (stuck).
  7465 | D:8      | 7465 ||| Stepping randomly (stuck).
  7466 | D:8      | 7466 ||| Stepping randomly (stuck).
  7467 | D:8      | 7467 ||| Stepping randomly (stuck).
  7468 | D:8      | 7468 ||| Stepping randomly (stuck).
  7469 | D:8      | 7469 ||| Stepping randomly (stuck).
  7470 | D:8      | 7470 ||| Stepping randomly (stuck).
  7471 | D:8      | 7471 ||| Stepping randomly (stuck).
  7472 | D:8      | 7472 ||| Stepping randomly (stuck).
  7473 | D:8      | 7473 ||| Stepping randomly (stuck).
  7474 | D:8      | 7474 ||| Stepping randomly (stuck).
  7475 | D:8      | 7475 ||| Stepping randomly (stuck).
  7476 | D:8      | 7476 ||| Stepping randomly (stuck).
  7477 | D:8      | 7477 ||| Stepping randomly (stuck).
  7478 | D:8      | 7478 ||| Stepping randomly (stuck).
  7479 | D:8      | 7479 ||| Stepping randomly (stuck).
  7480 | D:8      | 7480 ||| Stepping randomly (stuck).
  7481 | D:8      | 7481 ||| Stepping randomly (stuck).
  7482 | D:8      | 7482 ||| Stepping randomly (stuck).
  7483 | D:8      | 7483 ||| Stepping randomly (stuck).
  7484 | D:8      | 7484 ||| Stepping randomly (stuck).
  7485 | D:8      | 7485 ||| Stepping randomly (stuck).
  7486 | D:8      | 7486 ||| Stepping randomly (stuck).
  7487 | D:8      | 7487 ||| Stepping randomly (stuck).
  7488 | D:8      | 7488 ||| Stepping randomly (stuck).
  7489 | D:8      | 7489 ||| Stepping randomly (stuck).
  7490 | D:8      | 7490 ||| Stepping randomly (stuck).
  7491 | D:8      | 7491 ||| Stepping randomly (stuck).
  7492 | D:8      | 7492 ||| Stepping randomly (stuck).
  7493 | D:8      | 7493 ||| Stepping randomly (stuck).
  7494 | D:8      | 7494 ||| Stepping randomly (stuck).
  7495 | D:8      | 7495 ||| Stepping randomly (stuck).
  7496 | D:8      | 7496 ||| Stepping randomly (stuck).
  7497 | D:8      | 7497 ||| Stepping randomly (stuck).
  7498 | D:8      | 7498 ||| Stepping randomly (stuck).
  7499 | D:8      | 7499 ||| Stepping randomly (stuck).
  7500 | D:8      | 7500 ||| Stepping randomly (stuck).
  7501 | D:8      | 7501 ||| Stepping randomly (stuck).
  7502 | D:8      | 7502 ||| Stepping randomly (stuck).
  7503 | D:8      | 7503 ||| Stepping randomly (stuck).
  7504 | D:8      | 7504 ||| Stepping randomly (stuck).
  7505 | D:8      | 7505 ||| Stepping randomly (stuck).
  7506 | D:8      | 7506 ||| Stepping randomly (stuck).
  7507 | D:8      | 7507 ||| Stepping randomly (stuck).
  7508 | D:8      | 7508 ||| Stepping randomly (stuck).
  7509 | D:8      | 7509 ||| Stepping randomly (stuck).
  7510 | D:8      | 7510 ||| Stepping randomly (stuck).
  7511 | D:8      | 7511 ||| Stepping randomly (stuck).
  7512 | D:8      | 7512 ||| Stepping randomly (stuck).
  7513 | D:8      | 7513 ||| Stepping randomly (stuck).
  7514 | D:8      | 7514 ||| Stepping randomly (stuck).
  7515 | D:8      | 7515 ||| Stepping randomly (stuck).
  7516 | D:8      | 7516 ||| Stepping randomly (stuck).
  7517 | D:8      | 7517 ||| Stepping randomly (stuck).
  7518 | D:8      | 7518 ||| Stepping randomly (stuck).
  7519 | D:8      | 7519 ||| Stepping randomly (stuck).
  7520 | D:8      | 7520 ||| Stepping randomly (stuck).
  7521 | D:8      | 7521 ||| Stepping randomly (stuck).
  7522 | D:8      | 7522 ||| Stepping randomly (stuck).
  7523 | D:8      | 7523 ||| Stepping randomly (stuck).
  7524 | D:8      | 7524 ||| Stepping randomly (stuck).
  7525 | D:8      | 7525 ||| Stepping randomly (stuck).
  7526 | D:8      | 7526 ||| Stepping randomly (stuck).
  7527 | D:8      | 7527 ||| Stepping randomly (stuck).
  7528 | D:8      | 7528 ||| Stepping randomly (stuck).
  7529 | D:8      | 7529 ||| Stepping randomly (stuck).
  7530 | D:8      | 7530 ||| Stepping randomly (stuck).
  7531 | D:8      | 7531 ||| Stepping randomly (stuck).
  7532 | D:8      | 7532 ||| Stepping randomly (stuck).
  7533 | D:8      | 7533 ||| Stepping randomly (stuck).
  7534 | D:8      | 7534 ||| Stepping randomly (stuck).
  7535 | D:8      | 7535 ||| Stepping randomly (stuck).
  7536 | D:8      | 7536 ||| Stepping randomly (stuck).
  7537 | D:8      | 7537 ||| Stepping randomly (stuck).
  7538 | D:8      | 7538 ||| Stepping randomly (stuck).
  7539 | D:8      | 7539 ||| Stepping randomly (stuck).
  7540 | D:8      | 7540 ||| Stepping randomly (stuck).
  7541 | D:8      | 7541 ||| Stepping randomly (stuck).
  7542 | D:8      | 7542 ||| Stepping randomly (stuck).
  7543 | D:8      | 7543 ||| Stepping randomly (stuck).
  7544 | D:8      | 7544 ||| Stepping randomly (stuck).
  7545 | D:8      | 7545 ||| Stepping randomly (stuck).
  7546 | D:8      | 7546 ||| Stepping randomly (stuck).
  7547 | D:8      | 7547 ||| Stepping randomly (stuck).
  7548 | D:8      | 7548 ||| Stepping randomly (stuck).
  7549 | D:8      | 7549 ||| Stepping randomly (stuck).
  7550 | D:8      | 7550 ||| Stepping randomly (stuck).
  7551 | D:8      | 7551 ||| Stepping randomly (stuck).
  7552 | D:8      | 7552 ||| Stepping randomly (stuck).
  7553 | D:8      | 7553 ||| Stepping randomly (stuck).
  7554 | D:8      | 7554 ||| Stepping randomly (stuck).
  7555 | D:8      | 7555 ||| Stepping randomly (stuck).
  7556 | D:8      | 7556 ||| Stepping randomly (stuck).
  7557 | D:8      | 7557 ||| Stepping randomly (stuck).
  7558 | D:8      | 7558 ||| Stepping randomly (stuck).
  7559 | D:8      | 7559 ||| Stepping randomly (stuck).
  7560 | D:8      | 7560 ||| Stepping randomly (stuck).
  7561 | D:8      | 7561 ||| Stepping randomly (stuck).
  7562 | D:8      | 7562 ||| Stepping randomly (stuck).
  7563 | D:8      | 7563 ||| Stepping randomly (stuck).
  7564 | D:8      | 7564 ||| Stepping randomly (stuck).
  7565 | D:8      | 7565 ||| Stepping randomly (stuck).
  7566 | D:8      | 7566 ||| Stepping randomly (stuck).
  7567 | D:8      | 7567 ||| Stepping randomly (stuck).
  7568 | D:8      | 7568 ||| Stepping randomly (stuck).
  7569 | D:8      | 7569 ||| Stepping randomly (stuck).
  7570 | D:8      | 7570 ||| Stepping randomly (stuck).
  7571 | D:8      | 7571 ||| Stepping randomly (stuck).
  7572 | D:8      | 7572 ||| Stepping randomly (stuck).
  7573 | D:8      | 7573 ||| Stepping randomly (stuck).
  7574 | D:8      | 7574 ||| Stepping randomly (stuck).
  7575 | D:8      | 7575 ||| Stepping randomly (stuck).
  7576 | D:8      | 7576 ||| Stepping randomly (stuck).
  7577 | D:8      | 7577 ||| Stepping randomly (stuck).
  7578 | D:8      | 7578 ||| Stepping randomly (stuck).
  7579 | D:8      | 7579 ||| Stepping randomly (stuck).
  7580 | D:8      | 7580 ||| Stepping randomly (stuck).
  7581 | D:8      | 7581 ||| Stepping randomly (stuck).
  7582 | D:8      | 7582 ||| Stepping randomly (stuck).
  7583 | D:8      | 7583 ||| Stepping randomly (stuck).
  7584 | D:8      | 7584 ||| Stepping randomly (stuck).
  7585 | D:8      | 7585 ||| Stepping randomly (stuck).
  7586 | D:8      | 7586 ||| Stepping randomly (stuck).
  7587 | D:8      | 7587 ||| Stepping randomly (stuck).
  7588 | D:8      | 7588 ||| Stepping randomly (stuck).
  7589 | D:8      | 7589 ||| Stepping randomly (stuck).
  7590 | D:8      | 7590 ||| Stepping randomly (stuck).
  7591 | D:8      | 7591 ||| Stepping randomly (stuck).
  7592 | D:8      | 7592 ||| Stepping randomly (stuck).
  7593 | D:8      | 7593 ||| Stepping randomly (stuck).
  7594 | D:8      | 7594 ||| Stepping randomly (stuck).
  7595 | D:8      | 7595 ||| Stepping randomly (stuck).
  7596 | D:8      | 7596 ||| Stepping randomly (stuck).
  7597 | D:8      | 7597 ||| Stepping randomly (stuck).
  7598 | D:8      | 7598 ||| Stepping randomly (stuck).
  7599 | D:8      | 7599 ||| Stepping randomly (stuck).
  7600 | D:8      | 7600 ||| Stepping randomly (stuck).
  7601 | D:8      | 7601 ||| Stepping randomly (stuck).
  7602 | D:8      | 7602 ||| Stepping randomly (stuck).
  7603 | D:8      | 7603 ||| Stepping randomly (stuck).
  7604 | D:8      | 7604 ||| Stepping randomly (stuck).
  7605 | D:8      | 7605 ||| Stepping randomly (stuck).
  7606 | D:8      | 7606 ||| Stepping randomly (stuck).
  7607 | D:8      | 7607 ||| Stepping randomly (stuck).
  7608 | D:8      | 7608 ||| Stepping randomly (stuck).
  7609 | D:8      | 7609 ||| Stepping randomly (stuck).
  7610 | D:8      | 7610 ||| Stepping randomly (stuck).
  7611 | D:8      | 7611 ||| Stepping randomly (stuck).
  7612 | D:8      | 7612 ||| Stepping randomly (stuck).
  7613 | D:8      | 7613 ||| Stepping randomly (stuck).
  7614 | D:8      | 7614 ||| Stepping randomly (stuck).
  7615 | D:8      | 7615 ||| Stepping randomly (stuck).
  7616 | D:8      | 7616 ||| Stepping randomly (stuck).
  7617 | D:8      | 7617 ||| Stepping randomly (stuck).
  7618 | D:8      | 7618 ||| Stepping randomly (stuck).
  7619 | D:8      | 7619 ||| Stepping randomly (stuck).
  7620 | D:8      | 7620 ||| Stepping randomly (stuck).
  7621 | D:8      | 7621 ||| Stepping randomly (stuck).
  7622 | D:8      | 7622 ||| Stepping randomly (stuck).
  7623 | D:8      | 7623 ||| Stepping randomly (stuck).
  7624 | D:8      | 7624 ||| Stepping randomly (stuck).
  7625 | D:8      | 7625 ||| Stepping randomly (stuck).
  7626 | D:8      | 7626 ||| Stepping randomly (stuck).
  7627 | D:8      | 7627 ||| Stepping randomly (stuck).
  7628 | D:8      | 7628 ||| Stepping randomly (stuck).
  7629 | D:8      | 7629 ||| Stepping randomly (stuck).
  7630 | D:8      | 7630 ||| Stepping randomly (stuck).
  7631 | D:8      | 7631 ||| Stepping randomly (stuck).
  7632 | D:8      | 7632 ||| Stepping randomly (stuck).
  7633 | D:8      | 7633 ||| Stepping randomly (stuck).
  7634 | D:8      | 7634 ||| Stepping randomly (stuck).
  7635 | D:8      | 7635 ||| Stepping randomly (stuck).
  7636 | D:8      | 7636 ||| Stepping randomly (stuck).
  7637 | D:8      | 7637 ||| Stepping randomly (stuck).
  7638 | D:8      | 7638 ||| Stepping randomly (stuck).
  7639 | D:8      | 7639 ||| Stepping randomly (stuck).
  7640 | D:8      | 7640 ||| Stepping randomly (stuck).
  7641 | D:8      | 7641 ||| Stepping randomly (stuck).
  7642 | D:8      | 7642 ||| Stepping randomly (stuck).
  7643 | D:8      | 7643 ||| Stepping randomly (stuck).
  7644 | D:8      | 7644 ||| Stepping randomly (stuck).
  7645 | D:8      | 7645 ||| Stepping randomly (stuck).
  7646 | D:8      | 7646 ||| Stepping randomly (stuck).
  7647 | D:8      | 7647 ||| Stepping randomly (stuck).
  7648 | D:8      | 7648 ||| Stepping randomly (stuck).
  7649 | D:8      | 7649 ||| Stepping randomly (stuck).
  7650 | D:8      | 7650 ||| Stepping randomly (stuck).
  7651 | D:8      | 7651 ||| Stepping randomly (stuck).
  7652 | D:8      | 7652 ||| Stepping randomly (stuck).
  7653 | D:8      | 7653 ||| Stepping randomly (stuck).
  7654 | D:8      | 7654 ||| Stepping randomly (stuck).
  7655 | D:8      | 7655 ||| Stepping randomly (stuck).
  7656 | D:8      | 7656 ||| Stepping randomly (stuck).
  7657 | D:8      | 7657 ||| Stepping randomly (stuck).
  7658 | D:8      | 7658 ||| Stepping randomly (stuck).
  7659 | D:8      | 7659 ||| Stepping randomly (stuck).
  7660 | D:8      | 7660 ||| Stepping randomly (stuck).
  7661 | D:8      | 7661 ||| Stepping randomly (stuck).
  7662 | D:8      | 7662 ||| Stepping randomly (stuck).
  7663 | D:8      | 7663 ||| Stepping randomly (stuck).
  7664 | D:8      | 7664 ||| Stepping randomly (stuck).
  7665 | D:8      | 7665 ||| Stepping randomly (stuck).
  7666 | D:8      | 7666 ||| Stepping randomly (stuck).
  7667 | D:8      | 7667 ||| Stepping randomly (stuck).
  7668 | D:8      | 7668 ||| Stepping randomly (stuck).
  7669 | D:8      | 7669 ||| Stepping randomly (stuck).
  7670 | D:8      | 7670 ||| Stepping randomly (stuck).
  7671 | D:8      | 7671 ||| Stepping randomly (stuck).
  7672 | D:8      | 7672 ||| Stepping randomly (stuck).
  7673 | D:8      | 7673 ||| Stepping randomly (stuck).
  7674 | D:8      | 7674 ||| Stepping randomly (stuck).
  7675 | D:8      | 7675 ||| Stepping randomly (stuck).
  7676 | D:8      | 7676 ||| Stepping randomly (stuck).
  7677 | D:8      | 7677 ||| Stepping randomly (stuck).
  7678 | D:8      | 7678 ||| Stepping randomly (stuck).
  7679 | D:8      | 7679 ||| Stepping randomly (stuck).
  7680 | D:8      | 7680 ||| Stepping randomly (stuck).
  7681 | D:8      | 7681 ||| Stepping randomly (stuck).
  7682 | D:8      | 7682 ||| Stepping randomly (stuck).
  7683 | D:8      | 7683 ||| Stepping randomly (stuck).
  7684 | D:8      | 7684 ||| Stepping randomly (stuck).
  7685 | D:8      | 7685 ||| Stepping randomly (stuck).
  7686 | D:8      | 7686 ||| Stepping randomly (stuck).
  7687 | D:8      | 7687 ||| Stepping randomly (stuck).
  7688 | D:8      | 7688 ||| Stepping randomly (stuck).
  7689 | D:8      | 7689 ||| Stepping randomly (stuck).
  7690 | D:8      | 7690 ||| Stepping randomly (stuck).
  7691 | D:8      | 7691 ||| Stepping randomly (stuck).
  7692 | D:8      | 7692 ||| Stepping randomly (stuck).
  7693 | D:8      | 7693 ||| Stepping randomly (stuck).
  7694 | D:8      | 7694 ||| Stepping randomly (stuck).
  7695 | D:8      | 7695 ||| Stepping randomly (stuck).
  7696 | D:8      | 7696 ||| Stepping randomly (stuck).
  7697 | D:8      | 7697 ||| Stepping randomly (stuck).
  7698 | D:8      | 7698 ||| Stepping randomly (stuck).
  7699 | D:8      | 7699 ||| Stepping randomly (stuck).
  7700 | D:8      | 7700 ||| Stepping randomly (stuck).
  7701 | D:8      | 7701 ||| Stepping randomly (stuck).
  7702 | D:8      | 7702 ||| Stepping randomly (stuck).
  7703 | D:8      | 7703 ||| Stepping randomly (stuck).
  7704 | D:8      | 7704 ||| Stepping randomly (stuck).
  7705 | D:8      | 7705 ||| Stepping randomly (stuck).
  7706 | D:8      | 7706 ||| Stepping randomly (stuck).
  7707 | D:8      | 7707 ||| Stepping randomly (stuck).
  7708 | D:8      | 7708 ||| Stepping randomly (stuck).
  7709 | D:8      | 7709 ||| Stepping randomly (stuck).
  7710 | D:8      | 7710 ||| Stepping randomly (stuck).
  7711 | D:8      | 7711 ||| Stepping randomly (stuck).
  7712 | D:8      | 7712 ||| Stepping randomly (stuck).
  7713 | D:8      | 7713 ||| Stepping randomly (stuck).
  7714 | D:8      | 7714 ||| Stepping randomly (stuck).
  7715 | D:8      | 7715 ||| Stepping randomly (stuck).
  7716 | D:8      | 7716 ||| Stepping randomly (stuck).
  7717 | D:8      | 7717 ||| Stepping randomly (stuck).
  7718 | D:8      | 7718 ||| Stepping randomly (stuck).
  7719 | D:8      | 7719 ||| Stepping randomly (stuck).
  7720 | D:8      | 7720 ||| Stepping randomly (stuck).
  7721 | D:8      | 7721 ||| Stepping randomly (stuck).
  7722 | D:8      | 7722 ||| Stepping randomly (stuck).
  7723 | D:8      | 7723 ||| Stepping randomly (stuck).
  7724 | D:8      | 7724 ||| Stepping randomly (stuck).
  7725 | D:8      | 7725 ||| Stepping randomly (stuck).
  7726 | D:8      | 7726 ||| Stepping randomly (stuck).
  7727 | D:8      | 7727 ||| Stepping randomly (stuck).
  7728 | D:8      | 7728 ||| Stepping randomly (stuck).
  7729 | D:8      | 7729 ||| Stepping randomly (stuck).
  7730 | D:8      | 7730 ||| Stepping randomly (stuck).
  7731 | D:8      | 7731 ||| Stepping randomly (stuck).
  7732 | D:8      | 7732 ||| Stepping randomly (stuck).
  7733 | D:8      | 7733 ||| Stepping randomly (stuck).
  7734 | D:8      | 7734 ||| Stepping randomly (stuck).
  7735 | D:8      | 7735 ||| Stepping randomly (stuck).
  7736 | D:8      | 7736 ||| Stepping randomly (stuck).
  7737 | D:8      | 7737 ||| Stepping randomly (stuck).
  7738 | D:8      | 7738 ||| Stepping randomly (stuck).
  7739 | D:8      | 7739 ||| Stepping randomly (stuck).
  7740 | D:8      | 7740 ||| Stepping randomly (stuck).
  7741 | D:8      | 7741 ||| Stepping randomly (stuck).
  7742 | D:8      | 7742 ||| Stepping randomly (stuck).
  7743 | D:8      | 7743 ||| Stepping randomly (stuck).
  7744 | D:8      | 7744 ||| Stepping randomly (stuck).
  7745 | D:8      | 7745 ||| Stepping randomly (stuck).
  7746 | D:8      | 7746 ||| Stepping randomly (stuck).
  7747 | D:8      | 7747 ||| Stepping randomly (stuck).
  7748 | D:8      | 7748 ||| Stepping randomly (stuck).
  7749 | D:8      | 7749 ||| Stepping randomly (stuck).
  7750 | D:8      | 7750 ||| Stepping randomly (stuck).
  7751 | D:8      | 7751 ||| Stepping randomly (stuck).
  7752 | D:8      | 7752 ||| Stepping randomly (stuck).
  7753 | D:8      | 7753 ||| Stepping randomly (stuck).
  7754 | D:8      | 7754 ||| Stepping randomly (stuck).
  7755 | D:8      | 7755 ||| Stepping randomly (stuck).
  7756 | D:8      | 7756 ||| Stepping randomly (stuck).
  7757 | D:8      | 7757 ||| Stepping randomly (stuck).
  7758 | D:8      | 7758 ||| Stepping randomly (stuck).
  7759 | D:8      | 7759 ||| Stepping randomly (stuck).
  7760 | D:8      | 7760 ||| Stepping randomly (stuck).
  7761 | D:8      | 7761 ||| Stepping randomly (stuck).
  7762 | D:8      | 7762 ||| Stepping randomly (stuck).
  7763 | D:8      | 7763 ||| Stepping randomly (stuck).
  7764 | D:8      | 7764 ||| Stepping randomly (stuck).
  7765 | D:8      | 7765 ||| Stepping randomly (stuck).
  7766 | D:8      | 7766 ||| Stepping randomly (stuck).
  7767 | D:8      | 7767 ||| Stepping randomly (stuck).
  7768 | D:8      | 7768 ||| Stepping randomly (stuck).
  7769 | D:8      | 7769 ||| Stepping randomly (stuck).
  7770 | D:8      | 7770 ||| Stepping randomly (stuck).
  7771 | D:8      | 7771 ||| Stepping randomly (stuck).
  7772 | D:8      | 7772 ||| Stepping randomly (stuck).
  7773 | D:8      | 7773 ||| Stepping randomly (stuck).
  7774 | D:8      | 7774 ||| Stepping randomly (stuck).
  7775 | D:8      | 7775 ||| Stepping randomly (stuck).
  7776 | D:8      | 7776 ||| Stepping randomly (stuck).
  7777 | D:8      | 7777 ||| Stepping randomly (stuck).
  7778 | D:8      | 7778 ||| Stepping randomly (stuck).
  7779 | D:8      | 7779 ||| Stepping randomly (stuck).
  7780 | D:8      | 7780 ||| Stepping randomly (stuck).
  7781 | D:8      | 7781 ||| Stepping randomly (stuck).
  7782 | D:8      | 7782 ||| Stepping randomly (stuck).
  7783 | D:8      | 7783 ||| Stepping randomly (stuck).
  7784 | D:8      | 7784 ||| Stepping randomly (stuck).
  7785 | D:8      | 7785 ||| Stepping randomly (stuck).
  7786 | D:8      | 7786 ||| Stepping randomly (stuck).
  7787 | D:8      | 7787 ||| Stepping randomly (stuck).
  7788 | D:8      | 7788 ||| Stepping randomly (stuck).
  7789 | D:8      | 7789 ||| Stepping randomly (stuck).
  7790 | D:8      | 7790 ||| Stepping randomly (stuck).
  7791 | D:8      | 7791 ||| Stepping randomly (stuck).
  7792 | D:8      | 7792 ||| Stepping randomly (stuck).
  7793 | D:8      | 7793 ||| Stepping randomly (stuck).
  7794 | D:8      | 7794 ||| Stepping randomly (stuck).
  7795 | D:8      | 7795 ||| Stepping randomly (stuck).
  7796 | D:8      | 7796 ||| Stepping randomly (stuck).
  7797 | D:8      | 7797 ||| Stepping randomly (stuck).
  7798 | D:8      | 7798 ||| Stepping randomly (stuck).
  7799 | D:8      | 7799 ||| Stepping randomly (stuck).
  7800 | D:8      | 7800 ||| Stepping randomly (stuck).
  7801 | D:8      | 7801 ||| Stepping randomly (stuck).
  7802 | D:8      | 7802 ||| Stepping randomly (stuck).
  7803 | D:8      | 7803 ||| Stepping randomly (stuck).
  7804 | D:8      | 7804 ||| Stepping randomly (stuck).
  7805 | D:8      | 7805 ||| Stepping randomly (stuck).
  7806 | D:8      | 7806 ||| Stepping randomly (stuck).
  7807 | D:8      | 7807 ||| Stepping randomly (stuck).
  7808 | D:8      | 7808 ||| Stepping randomly (stuck).
  7809 | D:8      | 7809 ||| Stepping randomly (stuck).
  7810 | D:8      | 7810 ||| Stepping randomly (stuck).
  7811 | D:8      | 7811 ||| Stepping randomly (stuck).
  7812 | D:8      | 7812 ||| Stepping randomly (stuck).
  7813 | D:8      | 7813 ||| Stepping randomly (stuck).
  7814 | D:8      | 7814 ||| Stepping randomly (stuck).
  7815 | D:8      | 7815 ||| Stepping randomly (stuck).
  7816 | D:8      | 7816 ||| Stepping randomly (stuck).
  7817 | D:8      | 7817 ||| Stepping randomly (stuck).
  7818 | D:8      | 7818 ||| Stepping randomly (stuck).
  7819 | D:8      | 7819 ||| Stepping randomly (stuck).
  7820 | D:8      | 7820 ||| Stepping randomly (stuck).
  7821 | D:8      | 7821 ||| Stepping randomly (stuck).
  7822 | D:8      | 7822 ||| Stepping randomly (stuck).
  7823 | D:8      | 7823 ||| Stepping randomly (stuck).
  7824 | D:8      | 7824 ||| Stepping randomly (stuck).
  7825 | D:8      | 7825 ||| Stepping randomly (stuck).
  7826 | D:8      | 7826 ||| Stepping randomly (stuck).
  7827 | D:8      | 7827 ||| Stepping randomly (stuck).
  7828 | D:8      | 7828 ||| Stepping randomly (stuck).
  7829 | D:8      | 7829 ||| Stepping randomly (stuck).
  7830 | D:8      | 7830 ||| Stepping randomly (stuck).
  7831 | D:8      | 7831 ||| Stepping randomly (stuck).
  7832 | D:8      | 7832 ||| Stepping randomly (stuck).
  7833 | D:8      | 7833 ||| Stepping randomly (stuck).
  7834 | D:8      | 7834 ||| Stepping randomly (stuck).
  7835 | D:8      | 7835 ||| Stepping randomly (stuck).
  7836 | D:8      | 7836 ||| Stepping randomly (stuck).
  7837 | D:8      | 7837 ||| Stepping randomly (stuck).
  7838 | D:8      | 7838 ||| Stepping randomly (stuck).
  7839 | D:8      | 7839 ||| Stepping randomly (stuck).
  7840 | D:8      | 7840 ||| Stepping randomly (stuck).
  7841 | D:8      | 7841 ||| Stepping randomly (stuck).
  7842 | D:8      | 7842 ||| Stepping randomly (stuck).
  7843 | D:8      | 7843 ||| Stepping randomly (stuck).
  7844 | D:8      | 7844 ||| Stepping randomly (stuck).
  7845 | D:8      | 7845 ||| Stepping randomly (stuck).
  7846 | D:8      | 7846 ||| Stepping randomly (stuck).
  7847 | D:8      | 7847 ||| Stepping randomly (stuck).
  7848 | D:8      | 7848 ||| Stepping randomly (stuck).
  7849 | D:8      | 7849 ||| Stepping randomly (stuck).
  7850 | D:8      | 7850 ||| Stepping randomly (stuck).
  7851 | D:8      | 7851 ||| Stepping randomly (stuck).
  7852 | D:8      | 7852 ||| Stepping randomly (stuck).
  7853 | D:8      | 7853 ||| Stepping randomly (stuck).
  7854 | D:8      | 7854 ||| Stepping randomly (stuck).
  7855 | D:8      | 7855 ||| Stepping randomly (stuck).
  7856 | D:8      | 7856 ||| Stepping randomly (stuck).
  7857 | D:8      | 7857 ||| Stepping randomly (stuck).
  7858 | D:8      | 7858 ||| Stepping randomly (stuck).
  7859 | D:8      | 7859 ||| Stepping randomly (stuck).
  7860 | D:8      | 7860 ||| Stepping randomly (stuck).
  7861 | D:8      | 7861 ||| Stepping randomly (stuck).
  7862 | D:8      | 7862 ||| Stepping randomly (stuck).
  7863 | D:8      | 7863 ||| Stepping randomly (stuck).
  7864 | D:8      | 7864 ||| Stepping randomly (stuck).
  7865 | D:8      | 7865 ||| Stepping randomly (stuck).
  7866 | D:8      | 7866 ||| Stepping randomly (stuck).
  7867 | D:8      | 7867 ||| Stepping randomly (stuck).
  7868 | D:8      | 7868 ||| Stepping randomly (stuck).
  7869 | D:8      | 7869 ||| Stepping randomly (stuck).
  7870 | D:8      | 7870 ||| Stepping randomly (stuck).
  7871 | D:8      | 7871 ||| Stepping randomly (stuck).
  7872 | D:8      | 7872 ||| Stepping randomly (stuck).
  7873 | D:8      | 7873 ||| Stepping randomly (stuck).
  7874 | D:8      | 7874 ||| Stepping randomly (stuck).
  7875 | D:8      | 7875 ||| Stepping randomly (stuck).
  7876 | D:8      | 7876 ||| Stepping randomly (stuck).
  7877 | D:8      | 7877 ||| Stepping randomly (stuck).
  7878 | D:8      | 7878 ||| Stepping randomly (stuck).
  7879 | D:8      | 7879 ||| Stepping randomly (stuck).
  7880 | D:8      | 7880 ||| Stepping randomly (stuck).
  7881 | D:8      | 7881 ||| Stepping randomly (stuck).
  7882 | D:8      | 7882 ||| Stepping randomly (stuck).
  7883 | D:8      | 7883 ||| Stepping randomly (stuck).
  7884 | D:8      | 7884 ||| Stepping randomly (stuck).
  7885 | D:8      | 7885 ||| Stepping randomly (stuck).
  7886 | D:8      | 7886 ||| Stepping randomly (stuck).
  7887 | D:8      | 7887 ||| Stepping randomly (stuck).
  7888 | D:8      | 7888 ||| Stepping randomly (stuck).
  7889 | D:8      | 7889 ||| Stepping randomly (stuck).
  7890 | D:8      | 7890 ||| Stepping randomly (stuck).
  7891 | D:8      | 7891 ||| Stepping randomly (stuck).
  7892 | D:8      | 7892 ||| Stepping randomly (stuck).
  7893 | D:8      | 7893 ||| Stepping randomly (stuck).
  7894 | D:8      | 7894 ||| Stepping randomly (stuck).
  7895 | D:8      | 7895 ||| Stepping randomly (stuck).
  7896 | D:8      | 7896 ||| Stepping randomly (stuck).
  7897 | D:8      | 7897 ||| Stepping randomly (stuck).
  7898 | D:8      | 7898 ||| Stepping randomly (stuck).
  7899 | D:8      | 7899 ||| Stepping randomly (stuck).
  7900 | D:8      | 7900 ||| Stepping randomly (stuck).
  7901 | D:8      | 7901 ||| Stepping randomly (stuck).
  7902 | D:8      | 7902 ||| Stepping randomly (stuck).
  7903 | D:8      | 7903 ||| Stepping randomly (stuck).
  7904 | D:8      | 7904 ||| Stepping randomly (stuck).
  7905 | D:8      | 7905 ||| Stepping randomly (stuck).
  7906 | D:8      | 7906 ||| Stepping randomly (stuck).
  7907 | D:8      | 7907 ||| Stepping randomly (stuck).
  7908 | D:8      | 7908 ||| Stepping randomly (stuck).
  7909 | D:8      | 7909 ||| Stepping randomly (stuck).
  7910 | D:8      | 7910 ||| Stepping randomly (stuck).
  7911 | D:8      | 7911 ||| Stepping randomly (stuck).
  7912 | D:8      | 7912 ||| Stepping randomly (stuck).
  7913 | D:8      | 7913 ||| Stepping randomly (stuck).
  7914 | D:8      | 7914 ||| Stepping randomly (stuck).
  7915 | D:8      | 7915 ||| Stepping randomly (stuck).
  7916 | D:8      | 7916 ||| Stepping randomly (stuck).
  7917 | D:8      | 7917 ||| Stepping randomly (stuck).
  7918 | D:8      | 7918 ||| Stepping randomly (stuck).
  7919 | D:8      | 7919 ||| Stepping randomly (stuck).
  7920 | D:8      | 7920 ||| Stepping randomly (stuck).
  7921 | D:8      | 7921 ||| Stepping randomly (stuck).
  7922 | D:8      | 7922 ||| Stepping randomly (stuck).
  7923 | D:8      | 7923 ||| Stepping randomly (stuck).
  7924 | D:8      | 7924 ||| Stepping randomly (stuck).
  7925 | D:8      | 7925 ||| Stepping randomly (stuck).
  7926 | D:8      | 7926 ||| Stepping randomly (stuck).
  7927 | D:8      | 7927 ||| Stepping randomly (stuck).
  7928 | D:8      | 7928 ||| Stepping randomly (stuck).
  7929 | D:8      | 7929 ||| Stepping randomly (stuck).
  7930 | D:8      | 7930 ||| Stepping randomly (stuck).
  7931 | D:8      | 7931 ||| Stepping randomly (stuck).
  7932 | D:8      | 7932 ||| Stepping randomly (stuck).
  7933 | D:8      | 7933 ||| Stepping randomly (stuck).
  7934 | D:8      | 7934 ||| Stepping randomly (stuck).
  7935 | D:8      | 7935 ||| Stepping randomly (stuck).
  7936 | D:8      | 7936 ||| Stepping randomly (stuck).
  7937 | D:8      | 7937 ||| Stepping randomly (stuck).
  7938 | D:8      | 7938 ||| Stepping randomly (stuck).
  7939 | D:8      | 7939 ||| Stepping randomly (stuck).
  7940 | D:8      | 7940 ||| Stepping randomly (stuck).
  7941 | D:8      | 7941 ||| Stepping randomly (stuck).
  7942 | D:8      | 7942 ||| Stepping randomly (stuck).
  7943 | D:8      | 7943 ||| Stepping randomly (stuck).
  7944 | D:8      | 7944 ||| Stepping randomly (stuck).
  7945 | D:8      | 7945 ||| Stepping randomly (stuck).
  7946 | D:8      | 7946 ||| Stepping randomly (stuck).
  7947 | D:8      | 7947 ||| Stepping randomly (stuck).
  7948 | D:8      | 7948 ||| Stepping randomly (stuck).
  7949 | D:8      | 7949 ||| Stepping randomly (stuck).
  7950 | D:8      | 7950 ||| Stepping randomly (stuck).
  7951 | D:8      | 7951 ||| Stepping randomly (stuck).
  7952 | D:8      | 7952 ||| Stepping randomly (stuck).
  7953 | D:8      | 7953 ||| Stepping randomly (stuck).
  7954 | D:8      | 7954 ||| Stepping randomly (stuck).
  7955 | D:8      | 7955 ||| Stepping randomly (stuck).
  7956 | D:8      | 7956 ||| Stepping randomly (stuck).
  7957 | D:8      | 7957 ||| Stepping randomly (stuck).
  7958 | D:8      | 7958 ||| Stepping randomly (stuck).
  7959 | D:8      | 7959 ||| Stepping randomly (stuck).
  7960 | D:8      | 7960 ||| Stepping randomly (stuck).
  7961 | D:8      | 7961 ||| Stepping randomly (stuck).
  7962 | D:8      | 7962 ||| Stepping randomly (stuck).
  7963 | D:8      | 7963 ||| Stepping randomly (stuck).
  7964 | D:8      | 7964 ||| Stepping randomly (stuck).
  7965 | D:8      | 7965 ||| Stepping randomly (stuck).
  7966 | D:8      | 7966 ||| Stepping randomly (stuck).
  7967 | D:8      | 7967 ||| Stepping randomly (stuck).
  7968 | D:8      | 7968 ||| Stepping randomly (stuck).
  7969 | D:8      | 7969 ||| Stepping randomly (stuck).
  7970 | D:8      | 7970 ||| Stepping randomly (stuck).
  7971 | D:8      | 7971 ||| Stepping randomly (stuck).
  7972 | D:8      | 7972 ||| Stepping randomly (stuck).
  7973 | D:8      | 7973 ||| Stepping randomly (stuck).
  7974 | D:8      | 7974 ||| Stepping randomly (stuck).
  7975 | D:8      | 7975 ||| Stepping randomly (stuck).
  7976 | D:8      | 7976 ||| Stepping randomly (stuck).
  7977 | D:8      | 7977 ||| Stepping randomly (stuck).
  7978 | D:8      | 7978 ||| Stepping randomly (stuck).
  7979 | D:8      | 7979 ||| Stepping randomly (stuck).
  7980 | D:8      | 7980 ||| Stepping randomly (stuck).
  7981 | D:8      | 7981 ||| Stepping randomly (stuck).
  7982 | D:8      | 7982 ||| Stepping randomly (stuck).
  7983 | D:8      | 7983 ||| Stepping randomly (stuck).
  7984 | D:8      | 7984 ||| Stepping randomly (stuck).
  7985 | D:8      | 7985 ||| Stepping randomly (stuck).
  7986 | D:8      | 7986 ||| Stepping randomly (stuck).
  7987 | D:8      | 7987 ||| Stepping randomly (stuck).
  7988 | D:8      | 7988 ||| Stepping randomly (stuck).
  7989 | D:8      | 7989 ||| Stepping randomly (stuck).
  7990 | D:8      | 7990 ||| Stepping randomly (stuck).
  7991 | D:8      | 7991 ||| Stepping randomly (stuck).
  7992 | D:8      | 7992 ||| Stepping randomly (stuck).
  7993 | D:8      | 7993 ||| Stepping randomly (stuck).
  7994 | D:8      | 7994 ||| Stepping randomly (stuck).
  7995 | D:8      | 7995 ||| Stepping randomly (stuck).
  7996 | D:8      | 7996 ||| Stepping randomly (stuck).
  7997 | D:8      | 7997 ||| Stepping randomly (stuck).
  7998 | D:8      | 7998 ||| Stepping randomly (stuck).
  7999 | D:8      | 7999 ||| Stepping randomly (stuck).
  8000 | D:8      | 8000 ||| Stepping randomly (stuck).
  8001 | D:8      | 8001 ||| Stepping randomly (stuck).
  8002 | D:8      | 8002 ||| Stepping randomly (stuck).
  8003 | D:8      | 8003 ||| Stepping randomly (stuck).
  8004 | D:8      | 8004 ||| Stepping randomly (stuck).
  8005 | D:8      | 8005 ||| Stepping randomly (stuck).
  8006 | D:8      | 8006 ||| Stepping randomly (stuck).
  8007 | D:8      | 8007 ||| Stepping randomly (stuck).
  8008 | D:8      | 8008 ||| Stepping randomly (stuck).
  8009 | D:8      | 8009 ||| Stepping randomly (stuck).
  8010 | D:8      | 8010 ||| Stepping randomly (stuck).
  8011 | D:8      | 8011 ||| Stepping randomly (stuck).
  8012 | D:8      | 8012 ||| Stepping randomly (stuck).
  8013 | D:8      | 8013 ||| Stepping randomly (stuck).
  8014 | D:8      | 8014 ||| Stepping randomly (stuck).
  8015 | D:8      | 8015 ||| Stepping randomly (stuck).
  8016 | D:8      | 8016 ||| Stepping randomly (stuck).
  8017 | D:8      | 8017 ||| Stepping randomly (stuck).
  8018 | D:8      | 8018 ||| Stepping randomly (stuck).
  8019 | D:8      | 8019 ||| Stepping randomly (stuck).
  8020 | D:8      | 8020 ||| Stepping randomly (stuck).
  8021 | D:8      | 8021 ||| Stepping randomly (stuck).
  8022 | D:8      | 8022 ||| Stepping randomly (stuck).
  8023 | D:8      | 8023 ||| Stepping randomly (stuck).
  8024 | D:8      | 8024 ||| Stepping randomly (stuck).
  8025 | D:8      | 8025 ||| Stepping randomly (stuck).
  8026 | D:8      | 8026 ||| Stepping randomly (stuck).
  8027 | D:8      | 8027 ||| Stepping randomly (stuck).
  8028 | D:8      | 8028 ||| Stepping randomly (stuck).
  8029 | D:8      | 8029 ||| Stepping randomly (stuck).
  8030 | D:8      | 8030 ||| Stepping randomly (stuck).
  8031 | D:8      | 8031 ||| Stepping randomly (stuck).
  8032 | D:8      | 8032 ||| Stepping randomly (stuck).
  8033 | D:8      | 8033 ||| Stepping randomly (stuck).
  8034 | D:8      | 8034 ||| Stepping randomly (stuck).
  8035 | D:8      | 8035 ||| Stepping randomly (stuck).
  8036 | D:8      | 8036 ||| Stepping randomly (stuck).
  8037 | D:8      | 8037 ||| Stepping randomly (stuck).
  8038 | D:8      | 8038 ||| Stepping randomly (stuck).
  8039 | D:8      | 8039 ||| Stepping randomly (stuck).
  8040 | D:8      | 8040 ||| Stepping randomly (stuck).
  8041 | D:8      | 8041 ||| Stepping randomly (stuck).
  8042 | D:8      | 8042 ||| Stepping randomly (stuck).
  8043 | D:8      | 8043 ||| Stepping randomly (stuck).
  8044 | D:8      | 8044 ||| Stepping randomly (stuck).
  8045 | D:8      | 8045 ||| Stepping randomly (stuck).
  8046 | D:8      | 8046 ||| Stepping randomly (stuck).
  8047 | D:8      | 8047 ||| Stepping randomly (stuck).
  8048 | D:8      | 8048 ||| Stepping randomly (stuck).
  8049 | D:8      | 8049 ||| Stepping randomly (stuck).
  8050 | D:8      | 8050 ||| Stepping randomly (stuck).
  8051 | D:8      | 8051 ||| Stepping randomly (stuck).
  8052 | D:8      | 8052 ||| Stepping randomly (stuck).
  8053 | D:8      | 8053 ||| Stepping randomly (stuck).
  8054 | D:8      | 8054 ||| Stepping randomly (stuck).
  8055 | D:8      | 8055 ||| Stepping randomly (stuck).
  8056 | D:8      | 8056 ||| Stepping randomly (stuck).
  8057 | D:8      | 8057 ||| Stepping randomly (stuck).
  8058 | D:8      | 8058 ||| Stepping randomly (stuck).
  8059 | D:8      | 8059 ||| Stepping randomly (stuck).
  8060 | D:8      | 8060 ||| Stepping randomly (stuck).
  8061 | D:8      | 8061 ||| Stepping randomly (stuck).
  8062 | D:8      | 8062 ||| Stepping randomly (stuck).
  8063 | D:8      | 8063 ||| Stepping randomly (stuck).
  8064 | D:8      | 8064 ||| Stepping randomly (stuck).
  8065 | D:8      | 8065 ||| Stepping randomly (stuck).
  8066 | D:8      | 8066 ||| Stepping randomly (stuck).
  8067 | D:8      | 8067 ||| Stepping randomly (stuck).
  8068 | D:8      | 8068 ||| Stepping randomly (stuck).
  8069 | D:8      | 8069 ||| Stepping randomly (stuck).
  8070 | D:8      | 8070 ||| Stepping randomly (stuck).
  8071 | D:8      | 8071 ||| Stepping randomly (stuck).
  8072 | D:8      | 8072 ||| Stepping randomly (stuck).
  8073 | D:8      | 8073 ||| Stepping randomly (stuck).
  8074 | D:8      | 8074 ||| Stepping randomly (stuck).
  8075 | D:8      | 8075 ||| Stepping randomly (stuck).
  8076 | D:8      | 8076 ||| Stepping randomly (stuck).
  8077 | D:8      | 8077 ||| Stepping randomly (stuck).
  8078 | D:8      | 8078 ||| Stepping randomly (stuck).
  8079 | D:8      | 8079 ||| Stepping randomly (stuck).
  8080 | D:8      | 8080 ||| Stepping randomly (stuck).
  8081 | D:8      | 8081 ||| Stepping randomly (stuck).
  8082 | D:8      | 8082 ||| Stepping randomly (stuck).
  8083 | D:8      | 8083 ||| Stepping randomly (stuck).
  8084 | D:8      | 8084 ||| Stepping randomly (stuck).
  8085 | D:8      | 8085 ||| Stepping randomly (stuck).
  8086 | D:8      | 8086 ||| Stepping randomly (stuck).
  8087 | D:8      | 8087 ||| Stepping randomly (stuck).
  8088 | D:8      | 8088 ||| Stepping randomly (stuck).
  8089 | D:8      | 8089 ||| Stepping randomly (stuck).
  8090 | D:8      | 8090 ||| Stepping randomly (stuck).
  8091 | D:8      | 8091 ||| Stepping randomly (stuck).
  8092 | D:8      | 8092 ||| Stepping randomly (stuck).
  8093 | D:8      | 8093 ||| Stepping randomly (stuck).
  8094 | D:8      | 8094 ||| Stepping randomly (stuck).
  8095 | D:8      | 8095 ||| Stepping randomly (stuck).
  8096 | D:8      | 8096 ||| Stepping randomly (stuck).
  8097 | D:8      | 8097 ||| Stepping randomly (stuck).
  8098 | D:8      | 8098 ||| Stepping randomly (stuck).
  8099 | D:8      | 8099 ||| Stepping randomly (stuck).
  8100 | D:8      | 8100 ||| Stepping randomly (stuck).
  8101 | D:8      | 8101 ||| Stepping randomly (stuck).
  8102 | D:8      | 8102 ||| Stepping randomly (stuck).
  8103 | D:8      | 8103 ||| Stepping randomly (stuck).
  8104 | D:8      | 8104 ||| Stepping randomly (stuck).
  8105 | D:8      | 8105 ||| Stepping randomly (stuck).
  8106 | D:8      | 8106 ||| Stepping randomly (stuck).
  8107 | D:8      | 8107 ||| Stepping randomly (stuck).
  8108 | D:8      | 8108 ||| Stepping randomly (stuck).
  8109 | D:8      | 8109 ||| Stepping randomly (stuck).
  8110 | D:8      | 8110 ||| Stepping randomly (stuck).
  8111 | D:8      | 8111 ||| Stepping randomly (stuck).
  8112 | D:8      | 8112 ||| Stepping randomly (stuck).
  8113 | D:8      | 8113 ||| Stepping randomly (stuck).
  8114 | D:8      | 8114 ||| Stepping randomly (stuck).
  8115 | D:8      | 8115 ||| Stepping randomly (stuck).
  8116 | D:8      | 8116 ||| Stepping randomly (stuck).
  8117 | D:8      | 8117 ||| Stepping randomly (stuck).
  8118 | D:8      | 8118 ||| Stepping randomly (stuck).
  8119 | D:8      | 8119 ||| Stepping randomly (stuck).
  8120 | D:8      | 8120 ||| Stepping randomly (stuck).
  8121 | D:8      | 8121 ||| Stepping randomly (stuck).
  8122 | D:8      | 8122 ||| Stepping randomly (stuck).
  8123 | D:8      | 8123 ||| Stepping randomly (stuck).
  8124 | D:8      | 8124 ||| Stepping randomly (stuck).
  8125 | D:8      | 8125 ||| Stepping randomly (stuck).
  8126 | D:8      | 8126 ||| Stepping randomly (stuck).
  8127 | D:8      | 8127 ||| Stepping randomly (stuck).
  8128 | D:8      | 8128 ||| Stepping randomly (stuck).
  8129 | D:8      | 8129 ||| Stepping randomly (stuck).
  8130 | D:8      | 8130 ||| Stepping randomly (stuck).
  8131 | D:8      | 8131 ||| Stepping randomly (stuck).
  8132 | D:8      | 8132 ||| Stepping randomly (stuck).
  8133 | D:8      | 8133 ||| Stepping randomly (stuck).
  8134 | D:8      | 8134 ||| Stepping randomly (stuck).
  8135 | D:8      | 8135 ||| Stepping randomly (stuck).
  8136 | D:8      | 8136 ||| Stepping randomly (stuck).
  8137 | D:8      | 8137 ||| Stepping randomly (stuck).
  8138 | D:8      | 8138 ||| Stepping randomly (stuck).
  8139 | D:8      | 8139 ||| Stepping randomly (stuck).
  8140 | D:8      | 8140 ||| Stepping randomly (stuck).
  8141 | D:8      | 8141 ||| Stepping randomly (stuck).
  8142 | D:8      | 8142 ||| Stepping randomly (stuck).
  8143 | D:8      | 8143 ||| Stepping randomly (stuck).
  8144 | D:8      | 8144 ||| Stepping randomly (stuck).
  8145 | D:8      | 8145 ||| Stepping randomly (stuck).
  8146 | D:8      | 8146 ||| Stepping randomly (stuck).
  8147 | D:8      | 8147 ||| Stepping randomly (stuck).
  8148 | D:8      | 8148 ||| Stepping randomly (stuck).
  8149 | D:8      | 8149 ||| Stepping randomly (stuck).
  8150 | D:8      | 8150 ||| Stepping randomly (stuck).
  8151 | D:8      | 8151 ||| Stepping randomly (stuck).
  8152 | D:8      | 8152 ||| Stepping randomly (stuck).
  8153 | D:8      | 8153 ||| Stepping randomly (stuck).
  8154 | D:8      | 8154 ||| Stepping randomly (stuck).
  8155 | D:8      | 8155 ||| Stepping randomly (stuck).
  8156 | D:8      | 8156 ||| Stepping randomly (stuck).
  8157 | D:8      | 8157 ||| Stepping randomly (stuck).
  8158 | D:8      | 8158 ||| Stepping randomly (stuck).
  8159 | D:8      | 8159 ||| Stepping randomly (stuck).
  8160 | D:8      | 8160 ||| Stepping randomly (stuck).
  8161 | D:8      | 8161 ||| Stepping randomly (stuck).
  8162 | D:8      | 8162 ||| Stepping randomly (stuck).
  8163 | D:8      | 8163 ||| Stepping randomly (stuck).
  8164 | D:8      | 8164 ||| Stepping randomly (stuck).
  8165 | D:8      | 8165 ||| Stepping randomly (stuck).
  8166 | D:8      | 8166 ||| Stepping randomly (stuck).
  8167 | D:8      | 8167 ||| Stepping randomly (stuck).
  8168 | D:8      | 8168 ||| Stepping randomly (stuck).
  8169 | D:8      | 8169 ||| Stepping randomly (stuck).
  8170 | D:8      | 8170 ||| Stepping randomly (stuck).
  8171 | D:8      | 8171 ||| Stepping randomly (stuck).
  8172 | D:8      | 8172 ||| Stepping randomly (stuck).
  8173 | D:8      | 8173 ||| Stepping randomly (stuck).
  8174 | D:8      | 8174 ||| Stepping randomly (stuck).
  8175 | D:8      | 8175 ||| Stepping randomly (stuck).
  8176 | D:8      | 8176 ||| Stepping randomly (stuck).
  8177 | D:8      | 8177 ||| Stepping randomly (stuck).
  8178 | D:8      | 8178 ||| Stepping randomly (stuck).
  8179 | D:8      | 8179 ||| Stepping randomly (stuck).
  8180 | D:8      | 8180 ||| Stepping randomly (stuck).
  8181 | D:8      | 8181 ||| Stepping randomly (stuck).
  8182 | D:8      | 8182 ||| Stepping randomly (stuck).
  8183 | D:8      | 8183 ||| Stepping randomly (stuck).
  8184 | D:8      | 8184 ||| Stepping randomly (stuck).
  8185 | D:8      | 8185 ||| Stepping randomly (stuck).
  8186 | D:8      | 8186 ||| Stepping randomly (stuck).
  8187 | D:8      | 8187 ||| Stepping randomly (stuck).
  8188 | D:8      | 8188 ||| Stepping randomly (stuck).
  8189 | D:8      | 8189 ||| Stepping randomly (stuck).
  8190 | D:8      | 8190 ||| Stepping randomly (stuck).
  8191 | D:8      | 8191 ||| Stepping randomly (stuck).
  8192 | D:8      | 8192 ||| Stepping randomly (stuck).
  8193 | D:8      | 8193 ||| Stepping randomly (stuck).
  8194 | D:8      | 8194 ||| Stepping randomly (stuck).
  8195 | D:8      | 8195 ||| Stepping randomly (stuck).
  8196 | D:8      | 8196 ||| Stepping randomly (stuck).
  8197 | D:8      | 8197 ||| Stepping randomly (stuck).
  8198 | D:8      | 8198 ||| Stepping randomly (stuck).
  8199 | D:8      | 8199 ||| Stepping randomly (stuck).
  8200 | D:8      | 8200 ||| Stepping randomly (stuck).
  8201 | D:8      | 8201 ||| Stepping randomly (stuck).
  8202 | D:8      | 8202 ||| Stepping randomly (stuck).
  8203 | D:8      | 8203 ||| Stepping randomly (stuck).
  8204 | D:8      | 8204 ||| Stepping randomly (stuck).
  8205 | D:8      | 8205 ||| Stepping randomly (stuck).
  8206 | D:8      | 8206 ||| Stepping randomly (stuck).
  8207 | D:8      | 8207 ||| Stepping randomly (stuck).
  8208 | D:8      | 8208 ||| Stepping randomly (stuck).
  8209 | D:8      | 8209 ||| Stepping randomly (stuck).
  8210 | D:8      | 8210 ||| Stepping randomly (stuck).
  8211 | D:8      | 8211 ||| Stepping randomly (stuck).
  8212 | D:8      | 8212 ||| Stepping randomly (stuck).
  8213 | D:8      | 8213 ||| Stepping randomly (stuck).
  8214 | D:8      | 8214 ||| Stepping randomly (stuck).
  8215 | D:8      | 8215 ||| Stepping randomly (stuck).
  8216 | D:8      | 8216 ||| Stepping randomly (stuck).
  8217 | D:8      | 8217 ||| Stepping randomly (stuck).
  8218 | D:8      | 8218 ||| Stepping randomly (stuck).
  8219 | D:8      | 8219 ||| Stepping randomly (stuck).
  8220 | D:8      | 8220 ||| Stepping randomly (stuck).
  8221 | D:8      | 8221 ||| Stepping randomly (stuck).
  8222 | D:8      | 8222 ||| Stepping randomly (stuck).
  8223 | D:8      | 8223 ||| Stepping randomly (stuck).
  8224 | D:8      | 8224 ||| Stepping randomly (stuck).
  8225 | D:8      | 8225 ||| Stepping randomly (stuck).
  8226 | D:8      | 8226 ||| Stepping randomly (stuck).
  8227 | D:8      | 8227 ||| Stepping randomly (stuck).
  8228 | D:8      | 8228 ||| Stepping randomly (stuck).
  8229 | D:8      | 8229 ||| Stepping randomly (stuck).
  8230 | D:8      | 8230 ||| Stepping randomly (stuck).
  8231 | D:8      | 8231 ||| Stepping randomly (stuck).
  8232 | D:8      | 8232 ||| Stepping randomly (stuck).
  8233 | D:8      | 8233 ||| Stepping randomly (stuck).
  8234 | D:8      | 8234 ||| Stepping randomly (stuck).
  8235 | D:8      | 8235 ||| Stepping randomly (stuck).
  8236 | D:8      | 8236 ||| Stepping randomly (stuck).
  8237 | D:8      | 8237 ||| Stepping randomly (stuck).
  8238 | D:8      | 8238 ||| Stepping randomly (stuck).
  8239 | D:8      | 8239 ||| Stepping randomly (stuck).
  8240 | D:8      | 8240 ||| Stepping randomly (stuck).
  8241 | D:8      | 8241 ||| Stepping randomly (stuck).
  8242 | D:8      | 8242 ||| Stepping randomly (stuck).
  8243 | D:8      | 8243 ||| Stepping randomly (stuck).
  8244 | D:8      | 8244 ||| Stepping randomly (stuck).
  8245 | D:8      | 8245 ||| Stepping randomly (stuck).
  8246 | D:8      | 8246 ||| Stepping randomly (stuck).
  8247 | D:8      | 8247 ||| Stepping randomly (stuck).
  8248 | D:8      | 8248 ||| Stepping randomly (stuck).
  8249 | D:8      | 8249 ||| Stepping randomly (stuck).
  8250 | D:8      | 8250 ||| Stepping randomly (stuck).
  8251 | D:8      | 8251 ||| Stepping randomly (stuck).
  8252 | D:8      | 8252 ||| Stepping randomly (stuck).
  8253 | D:8      | 8253 ||| Stepping randomly (stuck).
  8254 | D:8      | 8254 ||| Stepping randomly (stuck).
  8255 | D:8      | 8255 ||| Stepping randomly (stuck).
  8256 | D:8      | 8256 ||| Stepping randomly (stuck).
  8257 | D:8      | 8257 ||| Stepping randomly (stuck).
  8258 | D:8      | 8258 ||| Stepping randomly (stuck).
  8259 | D:8      | 8259 ||| Stepping randomly (stuck).
  8260 | D:8      | 8260 ||| Stepping randomly (stuck).
  8261 | D:8      | 8261 ||| Stepping randomly (stuck).
  8262 | D:8      | 8262 ||| Stepping randomly (stuck).
  8263 | D:8      | 8263 ||| Stepping randomly (stuck).
  8264 | D:8      | 8264 ||| Stepping randomly (stuck).
  8265 | D:8      | 8265 ||| Stepping randomly (stuck).
  8266 | D:8      | 8266 ||| Stepping randomly (stuck).
  8267 | D:8      | 8267 ||| Stepping randomly (stuck).
  8268 | D:8      | 8268 ||| Stepping randomly (stuck).
  8269 | D:8      | 8269 ||| Stepping randomly (stuck).
  8270 | D:8      | 8270 ||| Stepping randomly (stuck).
  8271 | D:8      | 8271 ||| Stepping randomly (stuck).
  8272 | D:8      | 8272 ||| Stepping randomly (stuck).
  8273 | D:8      | 8273 ||| Stepping randomly (stuck).
  8274 | D:8      | 8274 ||| Stepping randomly (stuck).
  8275 | D:8      | 8275 ||| Stepping randomly (stuck).
  8276 | D:8      | 8276 ||| Stepping randomly (stuck).
  8277 | D:8      | 8277 ||| Stepping randomly (stuck).
  8278 | D:8      | 8278 ||| Stepping randomly (stuck).
  8279 | D:8      | Quit the game

Levels and vault maps discovered:
D:1:      giann_bridges, layout_basic, serial_shops,
          nicolae_shop_advertising_works [nicolae_subvault_shop_adworks]
D:2:      layout_loops_cross, chequers_ecumenical_altar_simple,
          chequers_serial_rivers_micro_b, nicolae_underground_beach
D:3:      layout_loops_corners, mainiacjoe_overflow_two_lobes, serial_shops,
          shop
D:4:      nicolae_BIG_FREAKIN_CUBE, layout_loops_ring,
          nicolae_elyvilon_peaceful_grove, uniq_pikel
D:5:      layout_loops_corners, gammafunk_temple_overflow_forgotten,
          minmay_shop_damaged
D:6:      layout_cave_pods, nemelex_dance_club_becter, serial_shops,
          nicolae_shop_behind_doors, uniq_maggie
D:7:      layout_basic
D:8:      layout_rooms, kennysheep_little_box, erik_lair_orcish_takeover,
          minivault_21, introduction_to_nature_2
Temple:   chequers_temple_sunken

Skill      XL: |  1  2  3  4  5  6  7  8  9 10 |
---------------+-------------------------------+-----
Axes           | 2 3 4 5 7 8 10 13 | 13.4
Fighting       | 4 6 7 8 |  8.1
Dodging        | 1 |  1.5
Throwing       | 1 |  1.3
Armour         | 4 6 7 |  7.0
Shields        | 4 5 |  5.2

Action                   |  1- 3 |  4- 6 |  7- 9 | 10-12 || total
-------------------------+-------+-------+-------+-------++-------
Melee: War axe           |   132 |    67 |   290 |    93 ||   582
Throw: Boomerang         |       |     5 |    24 |       ||    29
  Use: Scroll            |    10 |     1 |     8 |     7 ||    26
       Potion            |     2 |       |     3 |     2 ||     7
Armor: Scale mail        |    66 |    24 |       |       ||    90
       Chain mail        |       |    26 |   161 |       ||   187
       Plate armour      |       |       |    29 |    71 ||   100
Dodge: Dodged            |    49 |    23 |    78 |    36 ||   186
Block: Buckler           |    34 |    12 |    39 |    16 ||   101

Table legend:
 A = Non-vault XP
 B = Vault XP
 C = Vault XP percentage of total XP
 D = Non-vault monster count
 E = Vault monster count
 F = Vault count percentage of total count
                 A         B        C        D         E       F
            +---------+---------+-------+---------+---------+-------
      Total |    3726 |    2227 |  37.4 |     144 |      27 |  15.8
            +---------+---------+-------+---------+---------+-------
        D:1 |      25 |       0 |   0.0 |      15 |       0 |   0.0
        D:2 |      28 |       0 |   0.0 |      16 |       0 |   0.0
        D:3 |     198 |       0 |   0.0 |      22 |       0 |   0.0
        D:4 |     306 |     629 |  67.3 |       7 |       1 |  12.5
        D:5 |     454 |       0 |   0.0 |      24 |       0 |   0.0
        D:6 |     882 |     516 |  36.9 |      34 |       3 |   8.1
        D:7 |     713 |       0 |   0.0 |      11 |       0 |   0.0
        D:8 |    1120 |    1082 |  49.1 |      15 |      23 |  60.5
            +---------+---------+-------+---------+---------+-------
